 Dungeon Crawl Stone Soup version 0.18.1-50-g88ac8fd (webtiles) character file.

140 juanjsm the Sneak (level 5, 0/25 HPs)
             Began as a Spriggan Enchanter on Oct 18, 2016.
             Killed from afar by Natasha (7 damage)
             ... with a magic dart
             ... on level 3 of the Dungeon.
             The game lasted 00:09:07 (2310 turns).

juanjsm the Sneak (Spriggan Enchanter)              Turns: 2310, Time: 00:09:08

Health: 0/25       AC:  3    Str:  4    XL:     5   Next: 2%
Magic:  1/11       EV: 21    Int: 21    God:
Gold:   216        SH:  0    Dex: 18    Spells: 4 memorised, 2 levels left

rFire  . . .     SeeInvis +     a - +1 dagger
rCold  . . .     Gourm    .     b - +1 robe
rNeg   . . .     Faith    .     (shield restricted)
rPois  .         Spirit   .     (helmet restricted)
rElec  .         Dismiss  .     (no cloak)
rCorr  .         Reflect  .     (gloves unavailable)
SustAt +         Harm     +     (boots unavailable)
MR     .....                    j - amulet of harm
Stlth  ++++......               o - ring of sustain attributes
                                e - +2 ring of evasion

@: brilliant, very slightly contaminated, invisible, very quick, not resistant
to hostile enchantments, stealthy
A: unfitting armour, see invisible, herbivore 3, speed 3, slow metabolism 2
a: no special abilities


You were on level 3 of the Dungeon.
You were very hungry.

You visited 1 branch of the dungeon, and saw 3 of its levels.

You collected 216 gold pieces.

Inventory:

Hand Weapons
 a - a +1 dagger (weapon)
Armour
 b - a +1 robe (worn)
Jewellery
 e - a +2 ring of evasion (left hand)
 j - an amulet of harm (around neck)
 o - a ring of sustain attributes (right hand)
 t - an uncursed ring of positive energy {unknown}
Scrolls
 g - a scroll of amnesia {unknown}
 k - a scroll of enchant weapon {unknown}
 m - 3 scrolls of identify {unknown}
 n - a scroll of noise {unknown}
 p - a scroll of enchant armour {unknown}
 q - a scroll of teleportation {unknown}
 s - a scroll of magic mapping {unknown}
Books
 c - a book of Maledictions

   Spells                             Type                      Level
   a - Corona                         Hexes                        1
   b - Ensorcelled Hibernation        Hexes/Ice                    2
   c - Confuse                        Hexes                        3
   d - Tukima's Dance                 Hexes                        3
   e - Dazzling Spray                 Conjuration/Hexes            3
Comestibles
 d - 3 bread rations
 h - a royal jelly
 r - a slice of pizza


   Skills:
 + Level 1.2 Fighting
 + Level 2.4 Short Blades
 + Level 4.0 Dodging
 + Level 5.3 Stealth
 + Level 3.6 Spellcasting
 + Level 4.3 Hexes


You had 2 spell levels left.
You knew the following spells:

 Your Spells              Type           Power        Failure   Level  Hunger
a - Corona                Hex            ####...      1%          1    None
b - Ensorcelled Hibernat  Hex/Ice        ####..       1%          2    ##.....
c - Confuse               Hex            ####....     1%          3    ###....
d - Dazzling Spray        Conj/Hex       ####..       2%          3    ###....


Dungeon Overview and Level Annotations

Branches:
Dungeon (3/15)

Altars:

Annotations:
D:3 Natasha


Innate Abilities, Weirdness & Mutations

You are tiny and cannot use many weapons and most armour.
You have supernaturally acute eyesight.
You are a herbivore.
You cover ground extremely quickly.
You need consume almost no food.


Message History

The magic dart hits you!
Read which item? (? for menu, Esc to quit)
Okay, then.
Drink which item? (? for menu, Esc to quit)
It was a potion of cure mutation.
It has a very clean taste.
The crimson imp disappears in a puff of smoke!
Natasha claws you.
* * * LOW HITPOINT WARNING * * *
Drink which item? (? for menu, Esc to quit)
It was a potion of brilliance.
You feel clever all of a sudden. Natasha closely misses you.
Drink which item? (? for menu, Esc to quit)
It was a potion of invisibility.
You fade into invisibility!
Natasha misses you.
Natasha casts a spell.
Natasha casts a spell at you. The magic dart hits you!
You die...

#h##................
#.##....<(...)......
#h##.........)......
#.###.............#.
#..###.....#.....##.
##..#####...#######.
##.# #...# #. #.#
#...## #. #@# #....##
#. #####.#####.....#
#. #........##...#.##
#. #........##...#..#
#.
#........#######.####.
#........## #...##.
#.........### ###....
#########...# #....
###.######....


You could see Natasha.

Vanquished Creatures
  Natasha (D:3)
  Robin (D:3)
  3 adders
  2 oozes (D:2)
  A worm (D:2)
  A dart slug (D:1)
  A giant gecko (D:1)
  An orc (D:3)
  3 giant cockroaches
  8 goblins
  9 hobgoblins
  8 jackals
  7 kobolds
  A quokka (D:3)
  A bat (D:1)
  2 giant newts
  7 rats
57 creatures vanquished.

Notes
Turn   | Place    | Note
--------------------------------------------------------------
     0 | D:1      | juanjsm the Spriggan Enchanter began the quest for the Orb.
     0 | D:1      | Reached XP level 1. HP: 9/9 MP: 5/5
   102 | D:1      | Reached XP level 2. HP: 13/13 MP: 3/6
   110 | D:1      | Learned a level 2 spell: Ensorcelled Hibernation
   708 | D:2      | Reached XP level 3. HP: 9/17 MP: 1/8
   713 | D:2      | Learned a level 3 spell: Confuse
  1710 | D:3      | Reached skill level 5 in Stealth
  1710 | D:3      | Reached XP level 4. HP: 18/21 MP: 10/10
  1717 | D:3      | Learned a level 3 spell: Dazzling Spray
  1753 | D:3      | Noticed Robin
  1843 | D:3      | Reached skill level 1 in Fighting
  2179 | D:3      | Noticed Natasha
  2186 | D:3      | Killed Natasha
  2269 | D:3      | Noticed Natasha
  2287 | D:3      | Killed Robin
  2287 | D:3      | Reached XP level 5. HP: 25/25 MP: 1/11
  2310 | D:3      | Killed from afar by Natasha

Skill      XL: |  1  2  3  4 |
---------------+-------------+-----
Spellcasting   | 3 |  3.6
Hexes          | 4 |  4.3
Short Blades   | 2 |  2.4
Stealth        | 5 |  5.3
Dodging        | 4 |  4.0
Fighting       | 1 |  1.2

Action                   |  1- 3 |  4- 6 || total
-------------------------+-------+-------++-------
Melee: Dagger            |    82 |    48 ||   130
 Cast: Corona            |     3 |       ||     3
       Ensorcelled Hiber |    21 |    16 ||    37
       Confuse           |       |     2 ||     2
  Use: Potion            |       |     4 ||     4
       Scroll            |       |     1 ||     1
 Stab: Sleeping          |    30 |    13 ||    43
       Distracted        |       |     1 ||     1
Armor: Robe              |     7 |     8 ||    15
Dodge: Dodged            |    62 |    67 ||   129
